Map: Iron Fortress LE (Void)

Players

reverie

  • Race: Terran Terran

Pseudorandom - Winner!

VOD

http://www.twitch.tv/pseudorandom63/b/646849655

Description

Time

  • Played on: April 7, 2015, 1:01 a.m.
  • Length: 20:37
Show
View Real Time Build Order
Export as new Build Order

reverie Terran 

Build Orders: Reaper Expand, MMM Bio 

Get SALT Encoding   

  12  0:00  SCV  
  13  0:13  SCV  
  14  0:19  Supply Depot  
  14  0:25  SCV  
  15  0:41  SCV, Barracks  
  16  0:43  Refinery  
  16  0:53  SCV  
  17  1:05  SCV  
  18  1:17  SCV  
  19  1:29  SCV  
  19  1:31  Reaper  
  21  1:42  Orbital Command  
  21  1:50  Command Center  
  21  2:01  Supply Depot  
  21  2:03  Reaper  
  22  2:09  SCV  
  23  2:22  SCV  
  24  2:25  Factory  
  25  2:37  SCV  
  25  2:49  SCV  
  26  2:51  Barracks Reactor  
  26  2:54  Barracks  
  26  2:55  Barracks  
  26  3:03  Orbital Command  
  26  3:19  SCV  
  27  3:25  Refinery  
  27  3:30  SCV  
  27  3:31  SCV  
  27  3:32  Hellion  
  27  3:33  Barracks Reactor, Hellion  
  33  3:42  SCV, Marine x2  
  33  3:43  SCV  
  37  3:51  Supply Depot  
  37  3:54  Hellion x2  
  40  4:02  Bunker  
  40  4:03  Marine x2  
  40  4:04  SCV  
  40  4:05  SCV  
  44  4:14  Marine x2  
  44  4:15  Hellion x2  
  49  4:17  SCV x2  
  49  4:20  Starport  
  49  4:22  Supply Depot  
  49  4:23  Barracks Reactor, Barracks Tech Lab  
  51  4:29  SCV  
  51  4:30  SCV, Refinery  
  53  4:34  Supply Depot  
  53  4:36  Marine  
  53  4:37  Supply Depot  
  54  4:43  SCV x2  
  54  4:44  Hellion  
  58  4:47  Armory  
  58  4:55  SCV x2  
  60  5:19  Hellion, Marine  
  60  5:20  Hellion, Marine x4  
  65  5:21  Stimpack, Starport Reactor  
  65  5:24  SCV  
  65  5:25  SCV  
  67  5:29  Supply Depot x2  
  67  5:37  SCV x2, Marine x2, Supply Depot  
  67  5:38  Supply Depot, Marine x2  
  67  5:39  Engineering Bay  
  67  5:40  Marine  
  74  5:55  Command Center  
  74  5:59  SCV x2  
  74  6:01  Marine x3  
  79  6:05  Medivac  
  79  6:09  Medivac  
  83  6:12  Terran Infantry Weapons Level 1  
  83  6:14  Hellbat  
  83  6:16  Hellbat  
  87  6:20  Marine x3  
  87  6:21  Marine x2  
  87  6:23  SCV  
  93  6:35  Medivac  
  93  6:39  Medivac  
  97  6:47  SCV x2  
  97  6:49  Hellbat x2  
  97  6:50  Marine x4  
  107  6:55  Supply Depot x2  
  107  6:59  SCV x2  
  109  7:09  Missile Turret  
  109  7:11  Missile Turret, Hellbat x2  
  113  7:22  Combat Shields  
  113  7:26  Medivac x2  
  113  7:27  Marine x5  
  122  7:32  Hellbat x2  
  123  7:45  Marine x2  
  123  7:49  Marine  
  123  7:50  Marine x2  
  126  7:52  SCV  
  126  7:53  SCV  
  126  7:57  Missile Turret  
  128  8:03  Marine x2  
  130  8:07  Marine  
  130  8:08  Marine x2  
  131  8:20  Marine  
  131  8:21  Marine  
  131  8:25  Marine x3  
  136  8:30  Medivac x2, Hellbat x2  
  144  8:38  Marine x2  
  146  8:43  Marine x3  
  149  9:04  Marine x4  
  149  9:05  Marine  
  149  9:06  Hellbat x2, Medivac  
  120  9:22  Marine x4  
  120  9:23  Marine  
  118  9:35  Hellbat x2  
  122  9:40  Marine x4  
  122  9:41  Marine  
  125  9:50  Terran Infantry Weapons Level 2  
  125  9:51  Engineering Bay, Medivac x2  
  129  9:53  Armory  
  129  9:56  Hellbat x2  
  129  9:58  Marine x4  
  129  9:59  Marine  
  138  10:15  Marine  
  104  10:40  Marine x2  
  104  10:41  Medivac, Marine x3  
  104  10:42  Medivac  
  113  10:45  Terran Vehicle and Ship Weapons Level 1  
  113  10:48  Factory x2  
  111  10:58  Marine  
  110  11:09  Marine x4  
  110  11:11  Medivac  
  110  11:12  Hellbat  
  110  11:13  Hellbat  
  110  11:16  Marine  
  106  11:27  Marine x2  
  106  11:34  Planetary Fortress  
  106  11:40  Marine x3  
  106  11:42  Factory Tech Lab x2  
  106  11:43  Hellbat x2  
  106  11:46  Terran Infantry Armor Level 1  
  113  11:47  Terran Vehicle And Ship Armor Level 1  
  113  11:50  Refinery  
  113  12:24  Marine x5  
  113  12:26  Siege Tank x2, Hellbat x2  
  128  12:34  Orbital Command  
  127  12:42  Marine x3  
  113  12:54  Marine x2  
  108  12:59  Marine  
  108  13:00  Marine x2  
  102  13:11  Hellbat x2  
  102  13:12  Siege Tank x2, Marine x2  
  114  13:17  Marine x2  
  114  13:18  Marine  
  105  13:29  Marine  
  105  13:32  Marauder  
  108  13:35  Marine x3  
  111  13:42  Hellbat x2  
  111  13:44  Siege Tank x2  
  111  13:47  Marine  
  106  14:12  Marine x5  
  106  14:17  Thor, Hellbat x2  
  115  14:18  Siege Tank, Medivac x2  
  115  14:24  Barracks  
  128  14:26  Barracks x2  
  128  14:29  Barracks x2, Marine  
  128  14:30  Marine x4  
  133  14:47  Marine  
  133  14:48  Marine x4  
  133  14:50  Command Center  
  138  15:05  Marine x5  
  94  15:23  Marine x2  
  86  15:29  Marine  
  86  15:30  Marine x7  
  86  15:31  Thor  
  86  15:32  Siege Tank  
  86  15:33  Hellbat x2  
  107  15:41  Marine  
  106  15:57  Hellbat  
  106  15:58  Marauder, Marine x2, Hellbat  
  106  16:00  Marine  
  106  16:01  Marine  
  116  16:13  Siege Tank  
  116  16:15  Hellbat  
  116  16:16  Marine x5  
  124  16:19  Hellbat x2  
  118  16:42  Refinery  
  118  16:43  Refinery  
  118  16:48  Marine x10  
  128  17:05  Marine  
  128  17:06  Marine x3  
  126  17:09  Orbital Command  
  126  17:12  SCV x2  
  128  17:24  SCV  
  121  17:38  Marine x8  
  129  17:50  Marine x2  
  131  17:51  Sensor Tower  
  131  18:06  Command Center  
  75  18:34  Marine x2  
  75  18:35  Marine x3  
  75  18:36  Orbital Command  
Show
View Real Time Build Order
Export as new Build Order

Pseudorandom Zerg - Winner!

Build Orders: Hatch First, Lurkers 

Get SALT Encoding   

  12  0:01  Drone  
  13  0:12  Overlord  
  13  0:18  Drone  
  14  0:31  Drone x2  
  14  0:35  Drone  
  17  0:45  Drone  
  18  0:58  Hatchery, Drone  
  18  1:01  Extractor  
  17  1:06  Drone  
  18  1:17  Spawning Pool  
  17  1:18  Drone  
  18  1:29  Drone  
  19  1:39  Drone  
  20  1:49  Overlord  
  20  2:04  Metabolic Boost, Queen  
  22  2:09  Zergling x2  
  22  2:10  Queen  
  22  2:11  Drone  
  22  2:13  Drone  
  27  2:32  Hatchery  
  27  2:33  Zergling x2  
  27  2:42  Pneumatized Carapace  
  27  2:45  Extractor  
  27  2:50  Drone x3  
  29  2:52  Drone  
  29  2:56  Drone  
  32  2:59  Overlord  
  30  3:23  Drone x2, Extractor  
  30  3:24  Drone  
  30  3:25  Zergling x4  
  34  3:27  Drone  
  35  3:35  Overlord  
  35  3:37  Drone x3  
  38  3:52  Queen  
  38  3:53  Overlord  
  38  3:54  Drone x5  
  38  3:55  Drone  
  46  3:59  Drone x2  
  48  4:06  Lair  
  48  4:15  Drone x4, Extractor  
  48  4:16  Extractor  
  49  4:17  Drone  
  49  4:19  Drone  
  51  4:33  Overlord  
  51  4:37  Drone x2  
  51  4:38  Evolution Chamber x2  
  51  4:43  Zergling x2  
  51  4:44  Zergling x14  
  59  4:50  Spine Crawler  
  54  5:19  Zergling x8  
  55  5:22  Zerg Ground Armor Level 1, Zerg Melee Weapons Level 1  
  55  5:23  Drone x2  
  55  5:24  Drone x5  
  55  5:25  Hydralisk Den  
  61  5:29  Zergling x6  
  61  5:30  Zergling x4  
  61  5:34  Zergling x4  
  61  5:35  Zergling x4  
  70  5:42  Lurker Den  
  70  5:51  Drone x2  
  70  5:55  Drone x2, Extractor  
  73  5:57  Extractor  
  73  5:59  Overlord x2  
  72  6:19  Drone x3  
  72  6:22  Drone x3, Hydralisk x2  
  72  6:23  Hydralisk x3  
  88  6:26  Overlord  
  88  6:35  Overlord  
  88  6:37  Drone  
  89  6:46  Overlord x2  
  89  7:01  Spine Crawler, Hydralisk x4  
  89  7:02  Spine Crawler x2  
  89  7:03  Spine Crawler  
  94  7:15  Lurker x3  
  94  7:20  Zerg Ground Armor Level 2, Zerg Melee Weapons Level 2  
  91  7:25  Lurker x2  
  89  7:32  Hatchery  
  86  7:52  Lurker x3  
  86  7:53  Zergling x8  
  86  7:56  Infestation Pit  
  83  8:30  Zergling x18  
  92  8:37  Hydralisk  
  92  8:38  Hydralisk  
  91  8:44  Hydralisk  
  91  8:47  Hive, Spire  
  91  8:48  Overseer  
  92  9:06  Hatchery  
  69  9:18  Zergling x2  
  69  9:19  Zergling x16  
  78  9:27  Lurker  
  78  9:28  Lurker  
  78  9:37  Hydralisk  
  78  9:38  Hydralisk x5  
  86  9:58  Overlord x2  
  86  10:01  Zerg Ground Armor Level 3, Zerg Melee Weapons Level 3  
  86  10:02  Adrenal Glands  
  86  10:04  Zergling x2  
  86  10:05  Zergling x10  
  92  10:08  Drone  
  92  10:12  Drone  
  90  10:31  Seismic Spines  
  79  10:37  Lurker  
  79  10:38  Lurker  
  79  10:53  Lurker  
  79  10:54  Zergling x2  
  79  10:55  Zergling x24  
  83  11:10  Drone x4  
  75  11:35  Drone x2  
  75  11:38  Drone x3  
  80  11:40  Drone x6  
  80  11:41  Drone  
  80  11:45  Lurker  
  88  11:47  Hydralisk  
  90  11:58  Extractor  
  89  12:06  Drone x2, Extractor  
  89  12:07  Extractor  
  89  12:12  Hydralisk x2  
  89  12:13  Hydralisk x2  
  98  12:15  Lurker  
  98  12:20  Ultralisk Cavern  
  97  12:26  Extractor  
  97  12:27  Spine Crawler  
  97  12:29  Spine Crawler  
  93  12:31  Spine Crawler  
  84  12:45  Hydralisk  
  84  12:46  Hydralisk x4  
  88  13:09  Drone x3  
  88  13:10  Drone  
  88  13:11  Drone x2  
  94  13:20  Hydralisk x2  
  94  13:21  Hydralisk x3  
  94  13:24  Drone x3  
  106  13:32  Drone  
  106  13:33  Drone x3  
  110  13:47  Lurker  
  111  13:49  Overlord  
  105  14:15  Hydralisk x3  
  102  14:24  Lurker  
  102  14:25  Lurker x11  
  102  14:26  Zergling x2  
  102  14:27  Zergling x10  
  102  14:28  Overlord  
  102  14:29  Overlord  
  120  14:40  Viper  
  120  14:46  Overlord x2  
  120  14:59  Viper  
  120  15:00  Viper  
  120  15:01  Zergling x2  
  120  15:02  Hatchery, Zergling x16  
  127  15:20  Hydralisk x7  
  113  15:38  Hydralisk  
  113  15:39  Hydralisk x4  
  113  15:40  Zergling x4  
  125  15:48  Zerg Missile Weapons Level 1  
  125  15:54  Drone x3  
  128  16:06  Muscular Augments  
  128  16:47  Ultralisk x3, Zergling x2  
  134  16:48  Zergling x22  
  158  17:05  Hydralisk x2  
  157  17:09  Overlord x3  
  151  17:37  Lurker x3  
  151  17:38  Lurker x2  
  151  17:40  Ultralisk  
  151  17:41  Zergling x2  
  151  17:42  Zergling x26  
  176  17:53  Extractor  
  176  17:54  Extractor  
  176  17:55  Zerg Missile Weapons Level 2  
  176  17:57  Zergling x10  
  179  18:12  Hatchery  
  149  18:33  Ultralisk x2  
  149  18:34  Zergling x24  
  170  19:06  Ultralisk x2  
  179  19:46  Drone x3  
Tags
 
Add a new tag
Caveats
  • Supply blocks, unpowered buildings, or Contaminate may cause inaccurate times.
  • Supply counts are checked every 10 seconds.